 Dungeon Crawl Stone Soup version 0.21.0-37-g46506fa (webtiles) character file.

414 Mgcat the Digger (level 6, -11/32 HPs)
             Began as a Gargoyle Earth Elementalist on Jan 30, 2018.
             Splashed by Ijyb's acid (18 damage)
             ... on level 4 of the Dungeon.
             The game lasted 00:10:41 (4386 turns).

Mgcat the Digger (Gargoyle Earth Elementalist)      Turns: 4386, Time: 00:10:42

Health: -11/32     AC: -1    Str: 12    XL:     6   Next: 91%
Magic:  5/12       EV: 12    Int: 17    God:
Gold:   170        SH:  0    Dex: 10    Spells: 4/13 levels left

rFire    . . .     SeeInvis .   o - +0 dagger (speed)
rCold    . . .     Gourm    .   (no shield)
rNeg     + . .     Faith    .   c - +0 robe
rPois    ∞         Spirit   .   (no helmet)
rElec    +         Reflect  .   (no cloak)
rCorr    .         Harm     .   (no gloves)
MR       .....                  (no boots)
Stlth    ++........             (no amulet)
HPRegen  0.10/turn              (no ring)
MPRegen  0.13/turn              (no ring)

@: corroded
A: negative energy resistance 1, electricity resistance, unbreathing,
petrification resistance, rot immunity, AC +4
a: no special abilities


You were on level 4 of the Dungeon.
You were not hungry.

You visited 1 branch of the dungeon, and saw 4 of its levels.

You collected 170 gold pieces.

Inventory:

Hand Weapons
 o - a +0 dagger of speed (weapon)
Missiles
 b - 62 stones (quivered)
Armour
 c - a +0 robe (worn)
Scrolls
 f - 4 scrolls of teleportation
 g - 3 scrolls of remove curse
 h - 4 scrolls of identify
 i - a scroll of blinking {unknown}
Potions
 e - 2 potions of cancellation {unknown}
 j - a potion of might
 k - a potion of brilliance {unknown}
 l - a potion of degeneration {unknown}
 m - a potion of heal wounds {unknown}
Comestibles
 a - 4 chunks of flesh
 d - 8 rations


   Skills:
 - Level 1.5 Dodging
 - Level 2.1 Stealth
 + Level 4.2 Spellcasting
 + Level 3.5 Conjurations
   Level 0.7 Transmutations
 + Level 6.2 Earth Magic


You had 4 spell levels left.
You knew the following spells:

 Your Spells              Type           Power        Failure   Level  Hunger
a - Sandblast             Erth           ###...       1%          1    None
b - Stone Arrow           Conj/Erth      ###...       6%          3    ###....
c - Lee's Rapid Deconstr  Erth           ###.......   32%         5    ######.


Dungeon Overview and Level Annotations

Branches:
Dungeon (4/15)
 Temple: D:4-7

Altars:
Xom

Annotations:
D:4 Ijyb


Innate Abilities, Weirdness & Mutations

You are resistant to torment.
Your stone body is resilient. (AC +4)
You are immune to poison.
You resist negative energy. (rN+)
You are resistant to electric shocks. (rElec)
You can survive without breathing.
You are immune to petrification.
You are immune to rotting.


Message History

Confirm with . or Enter, or press ? or * to list all spells.
Aiming: Sandblast
Press: ? - help, Shift-Dir - straight line, f/p - Ijyb
Aim: Ijyb, wearing a dyed leather armour and carrying a wand of acid (7) (severely wounded)
The blast of sand misses Ijyb.
b - 63 stones Ijyb barely misses you.
Casting: Sandblast
Confirm with . or Enter, or press ? or * to list all spells.
Aiming: Sandblast
Press: ? - help, Shift-Dir - straight line, f/p - Ijyb
Aim: Ijyb, wearing a dyed leather armour and carrying a wand of acid (7) (severely wounded)
The blast of sand hits Ijyb.
Ijyb is almost dead.
b - 62 stones Ijyb zaps a wand.
The bolt of acid hits you!
* * * LOW HITPOINT WARNING * * *
The acid corrodes you!
You are splashed with acid!
The acid burns!
Ouch! That really hurt!
You die...

#.# ####.#####....# *,*
##.####....#***.....# *,*
##..##...####.,..#...# *,*
#......###,,...###.### *,*
...#####*,,*,..* *.#* *,*
.### *#.##,**.#**,,# ***,* ##
**.*#.⌠,**.###.#****,,,* #
**.##*#.####....#...,,*** #
*..#.###.#.#@g....#****
#####.#.⌠.#*#.⌠.#...###
.......#.#.###.#..w.#
....##..###.#.##..#.#*
...###.###.♣.##*..#..#
##.....##.#.##*,.##*.#
###....#.#.##*,*..**,# #
###.#.⌠.###,⌠,#.#*,*********
#
#..#.###.*,*...,,,,,,*,,,****


You could see Ijyb and a worm.

Vanquished Creatures
  2 scorpions (D:4)
  A howler monkey (D:4)
  An orc priest (D:4)
  2 orc wizards (D:4)
  Natasha (thrice) (D:2)
  A worker ant (D:3)
  2 adders
  An ooze (D:1)
  2 worms (D:2)
  A dart slug (D:1)
  A leopard gecko (D:3)
  14 orcs
  5 bats
  3 giant cockroaches
  6 goblins
  3 hobgoblins
  4 jackals
  A quokka (D:4)
  2 frilled lizards (D:2)
  2 kobolds
  3 rats
60 creatures vanquished.

Notes
Turn   | Place    | Note
-------+----------+-------------------------------------------
     0 | D:1      | Mgcat the Gargoyle Earth Elementalist began the quest for the Orb.
     0 | D:1      | Reached XP level 1. HP: 10/10 MP: 3/3
   208 | D:1      | Reached skill level 4 in Earth Magic
   208 | D:1      | Reached XP level 2. HP: 13/15 MP: 5/5
  1297 | D:2      | Reached XP level 3. HP: 19/19 MP: 5/7
  1302 | D:2      | Learned a level 3 spell: Stone Arrow
  1352 | D:2      | Noticed Natasha
  1359 | D:2      | Killed Natasha
  1359 | D:2      | Reached skill level 1 in Conjurations
  1359 | D:2      | Reached XP level 4. HP: 24/24 MP: 5/8
  1980 | D:2      | Noticed Natasha
  1984 | D:2      | Killed Natasha
  2411 | D:2      | Noticed Natasha
  2412 | D:2      | Killed Natasha
  2412 | D:2      | Reached skill level 5 in Earth Magic
  2412 | D:2      | Reached XP level 5. HP: 28/28 MP: 7/9
  3004 | D:3      | Found a shimmering altar of Xom.
  3004 | D:3      | Found a shimmering altar of Xom.
  3004 | D:3      | Found a shimmering altar of Xom.
  3004 | D:3      | Found a shimmering altar of Xom.
  3018 | D:3      | Found a shimmering altar of Xom.
  3685 | D:4      | Reached XP level 6. HP: 26/32 MP: 5/11
  4017 | D:4      | Learned a level 5 spell: Lee's Rapid Deconstruction
  4040 | D:4      | Reached skill level 6 in Earth Magic
  4378 | D:4      | Noticed Ijyb
  4386 | D:4      | Splashed by Ijyb's acid

Skill      XL: |  1  2  3  4  5  6 |
---------------+-------------------+-----
Earth Magic    | 4 5 6 |  6.2
Spellcasting   | 3 4 |  4.2
Conjurations   | 1 2 3 |  3.5
Dodging        | |  1.5
Stealth        | |  2.1
Transmutations | |  0.7

Action                   |  1- 3 |  4- 6 || total
-------------------------+-------+-------++-------
Melee: Dagger            |    84 |   242 ||   326
       Unarmed           |     9 |       ||     9
 Cast: Sandblast         |     3 |    47 ||    50
  Use: Scroll            |       |     5 ||     5
 Stab: Sleeping          |     1 |     3 ||     4
  Eat: Chunk             |     1 |    10 ||    11
Armor: Robe              |    35 |    67 ||   102
Dodge: Dodged            |    67 |   138 ||   205
